[Event "Early-Titled-Tuesday-Blitz-January-16-2024"]
[Site "Chess.com"]
[Date "2024.01.16"]
[Round "6"]
[White "KacperKacprzak"]
[Black "aistrel"]
[Result "1-0"]
[WhiteElo "2698"]
[BlackElo "2554"]
[TimeControl "180+1"]
[EndTime "9:11:31 PST"]
[Termination "KacperKacprzak won by resignation"]

1. e4 c6 2. Nf3 d5 3. Nc3 dxe4 4. Nxe4 Nf6 5. Qe2 Nxe4 6. Qxe4 Qd5 7. Qf4 Qf5 8. Qxf5 Bxf5 9. d3 c5 10. Be3 e6 11.
O-O-O Nc6 12. d4 cxd4 13. Nxd4 Nxd4 14. Bxd4 a6 15. Be2 Rc8 16. c3 Be7 17. Bf3 Bg5+ 18. Be3 Bxe3+ 19. fxe3 Rc7 20. Rd6 Ke7 21. Rhd1 g5 22. Rb6 Rb8 23. h3 Bg6 24. Rd4 e5 25. Rdb4 e4 26. Bxe4 Bxe4 27. Rxe4+ Kf8 28. Re5 Re8 29.
Rxe8+ Kxe8 30. Kd2 Kf8 31. Ke2 Kg7 32. Kd3 f6 33. c4 Kg6 34. g4 h5 35. b4 Rd7+ 36. Ke2 h4 37. c5 Kf7 38. a4 Ke7 39. Kf3 Kf7 40. Ke4 Re7+ 41. Kf3 Rc7 42. Rd6 Ke7 43. a5 Kf7 44. Ke4 Re7+ 45. Kd4 Rc7 46. e4 Re7 47.
Kd3 Rc7 48. Kc4 Ke7 49. Kd5 Kf7 50. e5 f5 51. Rg6 fxg4 52. Rxg5 gxh3 53. Rh5 Kg6 54.
Rxh4 Rh7 55. Rg4+ Kf5 56. Rg1 Rd7+ 57. Kc4 Kxe5 58. Rh1 Rh7 59. c6 bxc6 60. Kc5 Rh4 61. Kxc6 Rxb4 62. Rxh3 Kd4 63. Rh5 Kc3 64. Kc7 Kb2 65. Rh6 Ka3 66. Rb6 Ka4 67. Rxb4+ Kxa5 68. Rb6 Ka4 69. Rxa6+ 1-0

[Event "Early-Titled-Tuesday-Blitz-January-16-2024"]
[Site "Chess.com"]
[Date "2024.01.16"]
[Round "6"]
[White "Makswolf200817"]
[Black "Predator0608"]
[Result "1-0"]
[WhiteElo "2666"]
[BlackElo "2478"]
[TimeControl "180+1"]
[EndTime "9:11:34 PST"]
[Termination "Makswolf200817 won by resignation"]

1. e4 c5 2. Nf3 d6 3. d4 cxd4 4. Nxd4 Nf6 5. Nc3 a6 6. Be3 e5 7. Nb3 Be6 8. Qd2 Be7 9. f3 Nbd7 10. Nd5 Nxd5 11. exd5 Bf5 12. Be2 a5 13. a4 O-O 14.
O-O b6 15. Bb5 Rc8 16. c4 Bg6 17. Rae1 f5 18. f4 Nc5 19. Bxc5 bxc5 20. fxe5 dxe5 21. Rxe5 Bf6 22. Re2 Bg5 23. Qxa5 Qd6 24. Qa6 Qb8 25. a5 f4 26. Qe6+ Kh8 27. Qg4 Bd3 28. Nd2 Bf6 29.
Ne4 Bd4+ 30. Kh1 f3 31. Rxf3 Bxe2 32. Rxf8+ Rxf8 33. Qxe2 Qf4 34. g3 Qc1+ 35. Kg2 Bxb2 36. d6 Bd4 37. d7 h6 38. Nd6 Bf6 39. Ne8 Bd8 40. a6 Qa1 41. h4 Kg8 42. Nd6 Qd4 43.
Qe6+ Kh7 44. Qe4+ Qxe4+ 45. Nxe4 Bb6 46. Bc6 Kg6 47. Nd6 Kf6 48. Nb7 Ke7 49. g4 Rb8 50.
Kf3 Ke6 51. d8=Q Bxd8 52. a7 Rc8 53. Nxd8+ Rxd8 54. a8=Q Rxa8 55. Bxa8 Ke5 56. Bd5 Kd4 57. Kf4 Kc3 58. Kf5 Kd4 59. Kg6 1-0

[Event "Early-Titled-Tuesday-Blitz-January-16-2024"]
[Site "Chess.com"]
[Date "2024.01.16"]
[Round "6"]
[White "Mikhail_Golubev"]
[Black "IngOscarArdila"]
[Result "1/2-1/2"]
[WhiteElo "2523"]
[BlackElo "2373"]
[TimeControl "180+1"]
[EndTime "9:11:35 PST"]
[Termination "Game drawn - insufficient material"]

1. e4 e5 2. Nf3 Nf6 3. Nc3 Nc6 4. g3 Bb4 5. Bg2 d6 6. d3 h6 7. O-O Be6 8. Re1 a6 9. Bd2 Qd7 10. a3 Ba5 11. b4 Bb6 12. Be3 Bxe3 13. Rxe3 O-O 14.
d4 exd4 15. Nxd4 Nxd4 16. Qxd4 Ng4 17. Ree1 Ne5 18. f4 Nc6 19. Qd2 Bh3 20. Bf3 Bg4 21. Bg2 Bh3 22. Bh1 Rfe8 23. Nd5 Ne7 24. Ne3 Rad8 25. c4 b5 26. Rac1 bxc4 27. Rxc4 c5 28.
bxc5 dxc5 29. Qxd7 Rxd7 30. Rxc5 Rd2 31. e5 Rb8 32. Rc2 Rd3 33. Nc4 Nf5 34. Be4 Rd4 35. Bg2 Bxg2 36. Kxg2 Rb3 37. Rec1 Rxc4 38. Rxc4 Ne3+ 39.
Kh3 Nxc4 40. Rxc4 Rxa3 41. Kg4 Ra2 42. h4 a5 43. h5 g6 44. hxg6 fxg6 45. Rc7 a4 46. f5 gxf5+ 47. Kxf5 Kf8 48. Ra7 a3 49. Ke6 h5 50. Kf6 Rf2+ 51. Kg6 Rf3 52. Kxh5 Rxg3 53.
e6 Ke8 54. e7 Rg1 55. Kh4 Rg6 56. Kh3 Rg7 57. Rxa3 Kxe7 58. Ra7+ Kf8 59. Rxg7 Kxg7 1/2-1/2

[Event "Early-Titled-Tuesday-Blitz-January-16-2024"]
[Site "Chess.com"]
[Date "2024.01.16"]
[Round "6"]
[White "doctorcristian"]
[Black "CSB7"]
[Result "0-1"]
[WhiteElo "2555"]
[BlackElo "2698"]
[TimeControl "180+1"]
[EndTime "9:11:36 PST"]
[Termination "CSB7 won by resignation"]

1. d4 Nf6 2. Nc3 e6 3. Bf4 Bb4 4. e3 Nd5 5. Ne2 b6 6. a3 Bxc3+ 7. Nxc3 Nxf4 8. exf4 Bb7 9. Qg4 Qf6 10. O-O-O h5 11. Qg5 Qxg5 12. fxg5 Nc6 13. h4 O-O-O 14. Rh2 Ne7 15. g3 a5 16. Bh3 Nf5 17. Bxf5 exf5 18. Ne2 Bf3 19. Rd2 Rde8 20. Nc3 Re1+ 21. Nd1 Rhe8 22.
c4 R8e2 23. Rxe2 Bxe2 24. Kd2 Rxd1+ 25. Kxe2 Rb1 26. Ke3 Rxb2 27. Kf4 Rb3 28. a4 Rb4 29. Ke5 Rxa4 30. f3 Rxc4 31. g4 fxg4 32. fxg4 hxg4 33. h5 g3 34. Rg2 Rc1 35. g6 fxg6 36. hxg6 Rc6 37. Rxg3 Rf6 38. d5 Kb7 39. Rg4 b5 40.
Kd4 Kb6 41. Rg1 b4 42. Kc4 Rf4+ 43. Kd3 c6 44. Re1 Rf6 45. Re7 Rxg6 46. Rxd7 Rg3+ 47.
Kd4 Rg4+ 48. Kd3 Kc5 49. dxc6 Kxc6 50. Ra7 Kb5 51. Rb7+ Ka4 52. Kc2 Ka3 53. Rb5 a4 54. Kc1 Rg1+ 55. Kd2 b3 56. Rb7 Rg2+ 57. Kc1 g5 58.
Rb5 Ka2 59. Rb4 b2+ 60. Kd1 b1=Q+ 61. Rxb1 Kxb1 62. Ke1 Rb2 63. Kd1 a3 64. Ke1 a2 0-1

[Event "Early-Titled-Tuesday-Blitz-January-16-2024"]
[Site "Chess.com"]
[Date "2024.01.16"]
[Round "6"]
[White "evgchess5"]
[Black "GMRAVEN_ON_YOUTUBE"]
[Result "1-0"]
[WhiteElo "2979"]
[BlackElo "2819"]
[TimeControl "180+1"]
[EndTime "9:11:38 PST"]
[Termination "evgchess5 won on time"]

1. e4 c5 2. Nf3 e6 3. d4 cxd4 4. Nxd4 Nc6 5. Nc3 Qc7 6. Be3 a6 7. g4 Nge7 8. Nb3 Ng6 9. h4 Bb4 10. h5 Bxc3+ 11. bxc3 Nf4 12. Qd2 e5 13. Bc5 d6 14.
Bxd6 Qd8 15. f3 Be6 16. O-O-O Qf6 17. Qe3 Rd8 18. Ba3 Rxd1+ 19. Kxd1 Qd8+ 20. Kc1 f6 21. Be2 Kf7 22. Rd1 Qc8 23. Bf1 Rd8 24. Rxd8 Qxd8 25. Qc5 Nb8 26. Qa7 Qc7 27. Qc5 Qd8 28. Qd6 Nd7 29.
Nc5 Qb6 30. Nxe6 Qxd6 31. Nd8+ Ke8 32. Bxd6 Kxd8 33. Bc4 Ke8 34. Kd2 Nb6 35. Bg8 h6 36.
c4 Kd7 37. Bf8 Ne6 38. Bxe6+ Kxe6 39. Bxg7 Nxc4+ 40. Ke2 Na3 41. Kd3 Nb5 42. Bxh6 Nd4 43. f4 Nf3 44. f5+ Kf7 45. Be3 Nh2 46. g5 Ng4 47.
g6+ Ke7 48. h6 Kf8 49. h7 Kg7 50. Ke2 b5 51. Kf3 Nh2+ 52. Kg2 Ng4 53. Bd2 b4 54. Kg3 Nh6 55. Bxh6+ Kh8 56. Be3 a5 57. Bc5 1-0

[Event "Early-Titled-Tuesday-Blitz-January-16-2024"]
[Site "Chess.com"]
[Date "2024.01.16"]
[Round "6"]
[White "FranciscodelaF"]
[Black "AttilaTurzo"]
[Result "0-1"]
[WhiteElo "2268"]
[BlackElo "2482"]
[TimeControl "180+1"]
[EndTime "9:11:38 PST"]
[Termination "AttilaTurzo won by resignation"]

1. d4 d5 2. Nf3 c6 3. Bf4 Qb6 4. Qc1 Bf5 5. e3 e6 6. Nbd2 c5 7.
c3 Nc6 8. Nh4 Bg6 9. Nxg6 hxg6 10.
h3 Nf6 11. Bd3 Be7 12. Rb1 Rc8 13. Qd1 cxd4 14. exd4 Na5 15. Qe2 a6 16. O-O O-O 17. Rfe1 Bd6 18. Bxd6 Qxd6 19. Nf3 Nd7 20. Ne5 Nxe5 21.
Qxe5 Qxe5 22. Rxe5 b5 23. f3 Rb8 24. a3 Rfc8 25.
Kf2 Nb7 26. Re2 Nd6 27. Rc2 a5 28. b3 Rc7 29. Rbc1 Rbc8 30. Ke3 Kf8 31. Kd2 Ke7 32. a4 bxa4 33. bxa4 Rb8 34. c4 dxc4 35. Bxc4 Rb4 36.
Bb5 Rxc2+ 37. Rxc2 Nxb5 38. axb5 Rxb5 39. Rc7+ Kf6 40.
Ke3 g5 41. Ra7 Kg6 42. g3 f6 43. Ra6 e5 44. dxe5 Rxe5+ 45. Kd4 Kf5 46. Ra7 g6 47. Ra6 Rb5 48. Ke3 Ke5 49. f4+ gxf4+ 50. gxf4+ Kf5 51. Kf3 Rb3+ 52. Ke2 Ra3 53. Kf2 a4 54. Ke2 Ra2+ 55. Ke3 a3 56. Kd3 Ra1 57. Kc3 a2 58. Kb2 Rh1 59.
Rxa2 Rh2+ 60. Kb3 Rxa2 61. Kxa2 Kxf4 62. Kb3 Kg3 63. Kc4 Kxh3 64. Kd4 g5 65. Ke3 g4 66. Kf2 Kh2 0-1

[Event "Early-Titled-Tuesday-Blitz-January-16-2024"]
[Site "Chess.com"]
[Date "2024.01.16"]
[Round "6"]
[White "Polish_fighter3000"]
[Black "francyIM"]
[Result "1-0"]
[WhiteElo "3084"]
[BlackElo "2840"]
[TimeControl "180+1"]
[EndTime "9:11:42 PST"]
[Termination "Polish_fighter3000 won on time"]

1. Nf3 Nf6 2. c4 g6 3. Nc3 Bg7 4. e4 d6 5. d4 O-O 6. Be2 e5 7. O-O Nbd7 8. Re1 Qe7 9. Bf1 c6 10.
d5 c5 11. a3 Ne8 12. b4 h6 13. g3 b6 14. Rb1 Bb7 15. h4 f5 16. h5 f4 17. Nh4 fxg3 18. fxg3 Qf6 19. Rb2 gxh5 20. Bh3 Bc8 21. Qxh5 Nc7 22. Rf1 Qd8 23. Nf5 Nf6 24.
Qg6 Bxf5 25. Bxf5 Qe8 26. Qxe8 Raxe8 27. g4 Nh7 28. Ne2 Ng5 29. Ng3 Nh3+ 30. Kh2 Nf4 31.
Nh5 Nd3 32. Rb3 Nxc1 33. Rxc1 Bf6 34. Nxf6+ Rxf6 35. Kg3 Kf7 36. Rh1 Rg8 37. Rb2 Rg5 38. bxc5 dxc5 39. a4 Ne8 40. a5 Nd6 41. axb6 axb6 42.
Kf3 Nxc4 43. Ra2 Na5 44. Rd1 Ke7 45. Ke3 Kd6 46. Rh1 c4 47. Rah2 Kc5 48. Rxh6 Rxh6 49. Rxh6 b5 50. Rh8 Nb7 51. Rc8+ Kb4 52. Rc6 c3 53. d6 Rg8 54. d7 Rh8 55. g5 1-0

[Event "Early-Titled-Tuesday-Blitz-January-16-2024"]
[Site "Chess.com"]
[Date "2024.01.16"]
[Round "6"]
[White "iwanyu"]
[Black "Njal28"]
[Result "0-1"]
[WhiteElo "2683"]
[BlackElo "3018"]
[TimeControl "180+1"]
[EndTime "9:11:42 PST"]
[Termination "Njal28 won on time"]

1. d4 Nf6 2. c4 c5 3. d5 g6 4. Nc3 Bg7 5. e4 O-O 6. Nf3 d6 7. Be2 e6 8. O-O exd5 9. exd5 Bg4 10. h3 Bxf3 11. Bxf3 Nbd7 12. Bd2 Ne5 13. Be2 Re8 14.
Qc2 a6 15. a4 Qc7 16. Rae1 Re7 17. f4 Ned7 18. g4 Rae8 19. Bd3 Qd8 20. Qd1 Qb6 21. b3 Rxe1 22. Bxe1 Re3 23. Kg2 Nf8 24. Bf2 Re8 25.
Qc2 Qa5 26. Be1 Qd8 27. Bd2 N8d7 28. Be2 Re7 29. Bf3 Ne8 30. Ne4 Ndf6 31. Ng3 Nd7 32.
g5 Bd4 33. h4 f5 34. h5 Nc7 35. Ne2 Bg7 36. h6 Bh8 37. Bc3 Bxc3 38. Qxc3 Qf8 39. Kf2 b6 40. Nc1 a5 41. Nd3 Na6 42. Re1 Nb4 43.
Nc1 Rxe1 44. Kxe1 Qe7+ 45. Kf2 Nb8 46. Ne2 N8a6 47. Qd2 Nc7 48. Ng3 Nca6 49. Bg2 Nc7 50. Bh3 Ne8 51. Nxf5 gxf5 52. Bxf5 Nc7 53. Bb1 Qf7 54. Kg3 Qe7 55. Qc3 Ne8 56. Bf5 Nc7 57. Be6+ Nxe6 58. dxe6 Nc6 59. Kg4 Nd4 60. f5 Qb7 61.
Qe3 Qg2+ 62. Kf4 Ne2+ 0-1

[Event "Early-Titled-Tuesday-Blitz-January-16-2024"]
[Site "Chess.com"]
[Date "2024.01.16"]
[Round "6"]
[White "Nikolakis2014"]
[Black "PolandHussars"]
[Result "0-1"]
[WhiteElo "2731"]
[BlackElo "2597"]
[TimeControl "180+1"]
[EndTime "9:11:44 PST"]
[Termination "PolandHussars won by resignation"]

1. Nf3 d5 2. d4 a6 3. g3 Bg4 4. Bg2 c6 5. O-O Nd7 6. c4 e6 7. Nc3 dxc4 8. e4 Ngf6 9. a4 Bb4 10. e5 Nd5 11. Ne4 O-O 12. h3 Bf5 13. Nh4 Bg6 14.
Nxg6 hxg6 15. h4 c5 16. h5 cxd4 17. hxg6 Nxe5 18. gxf7+ Nxf7 19. Qxd4 Rc8 20. Bh3 Nf4 21. Qxd8 Nxh3+ 22. Kg2 Rfxd8 23. Kxh3 Ne5 24. Bg5 Rd4 25. Nc3 Nd3 26. Rab1 a5 27. Kg2 e5 28. Be3 Rd7 29.
Rfd1 Rcd8 30. Bg5 Rf8 31. Be3 Rfd8 32. Bg5 Rf8 33. Rd2 Be7 34. Bxe7 Rxe7 35. Re2 Ref7 36. Ne4 Rc7 37. b3 c3 38. Rc2 Rfc8 39. Rd1 Nb4 40. Rcc1 c2 41. Rd2 Na2 42. Rcxc2 Rxc2 43. Rd7 R2c7 44.
Rd6 Nc3 45. Ng5 Rf8 46. Re6 Nd5 47. Rxe5 Nf6 48. Ne6 Re7 49. f4 Ng4 50. Re2 Rfe8 51. f5 Nh6 52. Re5 Nxf5 53. Rxf5 Rxe6 54. Rxa5 Re2+ 55. Kh3 R2e5 56. Ra7 R8e7 57. a5 Kf7 58.
Ra8 Rb5 59. Kg4 Rxb3 60. a6 Rb4+ 61. Kh3 bxa6 62. Rxa6 Rbe4 63. Rb6 R4e6 64. Rb5 Rh6+ 65. Kg4 Rg6+ 66. Kf3 Rf6+ 67. Kg2 Re2+ 68. Kh3 Re3 69. Rg5 Rg6 70. Rf5+ Ke6 0-1

[Event "Early-Titled-Tuesday-Blitz-January-16-2024"]
[Site "Chess.com"]
[Date "2024.01.16"]
[Round "6"]
[White "slorovel"]
[Black "elpatodice"]
[Result "1-0"]
[WhiteElo "2573"]
[BlackElo "2401"]
[TimeControl "180+1"]
[EndTime "9:11:45 PST"]
[Termination "slorovel won by resignation"]

1. e4 c5 2. Nf3 Nc6 3. Bb5 d6 4. O-O Bd7 5. Re1 Nf6 6. c3 a6 7. Bf1 Bg4 8. d4 cxd4 9. cxd4 Bxf3 10. gxf3 d5 11. e5 Nd7 12. Nc3 e6 13. f4 Qh4 14.
Be3 Be7 15. f5 O-O 16. Bg2 Bg5 17. Qd2 Bxe3 18. fxe3 Rad8 19. Rf1 Nb6 20. b3 Nd7 21. Rf4 Qh6 22. Raf1 Rc8 23. Ne2 Ne7 24. Ng3 exf5 25. Nxf5 Nxf5 26. Rxf5 Qe6 27. Qf2 f6 28. Bh3 g6 29.
Rf3 f5 30. Qg2 Kh8 31. R3f2 Rc3 32. Qg5 Nxe5 33. dxe5 Qxe5 34. Bg2 Rxe3 35. Bxd5 Re1 36. Bxb7 a5 37. Bg2 Re3 38. Qf4 Qxf4 39. Rxf4 Rd8 40. R4f2 Rd4 41. Rc2 Kg7 42. Kh1 Kh6 43.
h3 Rh4 44. Kh2 a4 45. Rf3 Re1 46. bxa4 Rxa4 47. Rg3 Ra1 48. Bd5 Rd4 49. Bf3 Ra4 50. Rgg2 Rf4 51. Rgf2 Rd4 52. Bc6 Rdd1 53. a4 Rd6 54. Bb5 Ra3 55. Ra2 Re3 56. a5 Rd5 57. Bf1 Rd7 58. a6 Ra7 59. Bg2 Ree7 60. Bb7 Kg7 61.
Rfb2 Kf6 62. Bc6 g5 63. Rb7 f4 64. Rxa7 Rxa7 65. Bb7 Ke5 66. Kg2 h5 67. Kf3 Kf5 68.
Ra5+ Kf6 69. h4 gxh4 70. Rxh5 Ke7 71. Rxh4 Kd6 72. Kxf4 Kc7 73. Rh7+ Kb6 74. Ke5 Ka5 75.
Kd5 Kb6 76. Kd6 Ka5 77. Kc5 Ka4 78. Rh1 Kb3 79. Rh4 1-0

[Event "Early-Titled-Tuesday-Blitz-January-16-2024"]
[Site "Chess.com"]
[Date "2024.01.16"]
[Round "6"]
[White "supereagles1201"]
[Black "Cheer_Down"]
[Result "1-0"]
[WhiteElo "2382"]
[BlackElo "2508"]
[TimeControl "180+1"]
[EndTime "9:11:46 PST"]
[Termination "supereagles1201 won on time"]

1. d4 Nf6 2. Bg5 d5 3. e3 e6 4. Nf3 h6 5. Bh4 Be7 6. Nbd2 c5 7. c3 Nbd7 8. Bd3 b6 9. Ne5 Nxe5 10. dxe5 Nd7 11.
Bxe7 Qxe7 12. f4 Bb7 13. O-O O-O-O 14. a4 a6 15. Qe2 c4 16. Bc2 f6 17. exf6 gxf6 18.
e4 Rhg8 19. Nf3 Nc5 20. e5 fxe5 21. fxe5 d4 22. cxd4 Nd3 23. Bxd3 cxd3 24. Qxd3 Kb8 25. Rac1 Rg4 26. Rf2 h5 27. a5 b5 28. h3 Rg3 29.
Rc3 Qb4 30. Qd2 Qe7 31. Kh2 h4 32. Qf4 Rdg8 33. Qxh4 Qe8 34. Qf4 R3g7 35. Rc5 Rf7 36. Qc1 Rfg7 37. Qd2 Qh5 38. Rc3 Rg3 39. Re3 R3g6 40.
Qc3 Rg3 41. Qc5 R3g6 42. Qd6+ Ka8 43. Qc5 Rg3 44. Qc3 Qg6 45. Qd3 Qh5 46. Qe2 R3g6 47. Qd2 Qh6 48. b4 Qh5 49. Rc3 Rg3 50. Qe2 Qh6 51. Rd3 Bd5 52. Qd2 Qh5 53. Qe3 Qh7 54. Qd2 Qh5 55. Rc3 Qh7 56. Qf4 Qh5 57. Qxg3 Rxg3 58.
Kxg3 Qg6+ 59. Kh2 Qh6 60. Rfc2 Qf4+ 61. Kg1 1-0

[Event "Early-Titled-Tuesday-Blitz-January-16-2024"]
[Site "Chess.com"]
[Date "2024.01.16"]
[Round "6"]
[White "AlexandraSamaganova"]
[Black "DAVIDHDZSTS"]
[Result "0-1"]
[WhiteElo "2295"]
[BlackElo "1998"]
[TimeControl "180+1"]
[EndTime "9:11:46 PST"]
[Termination "DAVIDHDZSTS won by checkmate"]

1. c4 e6 2. Nc3 Nf6 3. e4 d5 4. e5 Nfd7 5. Nf3 d4 6. Nxd4 Nxe5 7. Nf3 Nxf3+ 8. Qxf3 Nc6 9. d3 g6 10. Be3 Nd4 11. Qd1 Bg7 12. Rb1 O-O 13. Be2 Bd7 14. O-O c5 15. Ne4 b6 16. Qd2 Bc6 17. Ng3 e5 18.
Bd1 f5 19. Bg5 Qd7 20. f4 h6 21. Bh4 e4 22. dxe4 Nf3+ 23. Bxf3 Qxd2 24. exf5 Bxf3 25. Rxf3 gxf5 26. Rbf1 Bd4+ 27. Kh1 Qxb2 28. Nh5 Qxa2 29. Rg3+ Kh8 30. Be7 Rg8 31. Bd6 Qxc4 32. Be5+ Bxe5 33.
Re1 Bxf4 34. Rf3 Bg5 35. Ref1 f4 36. h4 Qxf1+ 37. Rxf1 a5 38. hxg5 hxg5 39. Nf6 Rg6 40. Kg1 a4 41. Kf2 a3 42. Rh1+ Kg7 43. Ng4 a2 44.
Ne5 Rh6 45. Rd1 a1=Q 46. Rd7+ Kf6 47. Ng4+ Ke6 48. Rd2 Rh4 49. Re2+ Kf5 50. Ne5 Ra2 51. Nd7 Rxe2+ 52. Kxe2 Qb2+ 53. Kd3 c4+ 54. Kxc4 Ke6 55. Nf8+ Kf7 56. Nd7 f3+ 57. Kd5 Rd4+ 58. Kc6 Rxd7 59. Kxd7 b5 60. Kc7 b4 61. gxf3 b3 62. f4 Qc3+ 63.
Kb7 b2 64. fxg5 b1=Q+ 65. Ka7 Qca1# 0-1

[Event "Early-Titled-Tuesday-Blitz-January-16-2024"]
[Site "Chess.com"]
[Date "2024.01.16"]
[Round "6"]
[White "Aygehovit1992"]
[Black "1mbl4"]
[Result "1/2-1/2"]
[WhiteElo "2716"]
[BlackElo "2587"]
[TimeControl "180+1"]
[EndTime "9:11:48 PST"]
[Termination "Game drawn - insufficient material"]

1. e4 e6 2. d4 d5 3. Nc3 dxe4 4. Nxe4 Bd7 5. Nf3 Bc6 6. Bd3 Nd7 7. O-O Ngf6 8. Ng3 g6 9. b3 Bg7 10. Ba3 Bf8 11.
Bxf8 Kxf8 12. h4 h6 13. Re1 Kg7 14. Ne5 Nxe5 15. dxe5 Nd7 16. h5 g5 17. Qg4 Nc5 18.
Rad1 Nxd3 19. cxd3 Qd5 20. f3 Rad8 21. d4 Qa5 22.
Re2 Rhf8 23. f4 f5 24. exf6+ Rxf6 25. fxg5 Qxg5 26. Qxg5+ hxg5 27. Re5 Kh6 28. Rde1 Bd5 29. R1e2 Rdf8 30. R5e3 Rf4 31. Rd2 a5 32. a3 c6 33. b4 axb4 34. axb4 Ra8 35. Rde2 Ra1+ 36. Re1 Rxe1+ 37. Rxe1 Rxd4 38. Rf1 Rd2 39. Rf6+ Kg7 40.
Rg6+ Kh7 41. Rxg5 Rxg2+ 42. Kf1 b6 43. b5 cxb5 44. Rxd5 exd5 45. Kxg2 b4 46. Ne2 b3 47. Nc3 d4 48. Nb1 b5 49. Kf3 b4 50. Ke4 Kh6 51. Kd3 Kxh5 52. Kxd4 b2 53. Kc4 Kg5 54.
Kb3 Kg6 55. Kxb2 Kg5 56. Kb3 Kh5 57. Kc4 Kh6 58. Kb3 Kg6 59. Kc4 Kg5 60. Kb3 Kh5 61. Kc4 Kh6 62. Kxb4 1/2-1/2

[Event "Early-Titled-Tuesday-Blitz-January-16-2024"]
[Site "Chess.com"]
[Date "2024.01.16"]
[Round "6"]
[White "chucksterf10"]
[Black "crazy_m_attack"]
[Result "1/2-1/2"]
[WhiteElo "2658"]
[BlackElo "2469"]
[TimeControl "180+1"]
[EndTime "9:11:48 PST"]
[Termination "Game drawn by repetition"]

1. c4 e6 2. g3 d5 3. Bg2 Nf6 4.
Nf3 Be7 5. O-O O-O 6. b3 d4 7.
e3 c5 8. exd4 cxd4 9. d3 Nc6 10.
a3 a5 11. Re1 Nd7 12. Nbd2 e5 13. Bb2 Nc5 14. Ne4 Nxe4 15. Rxe4 f5 16. Re1 Bf6 17. b4 axb4 18. axb4 Rxa1 19. Bxa1 Re8 20. b5 Na5 21. Nd2 b6 22. h4 Bb7 23. Bxb7 Nxb7 24. Qf3 Nc5 25.
Qxf5 Qc8 26. Qf3 Qa8 27. Qe2 e4 28. Nxe4 Nxe4 29. dxe4 d3 30. Qd1 Bxa1 31. Qxa1 Qxa1 32. Rxa1 Rxe4 33. Rd1 Rxc4 34. Rxd3 Rc5 35. Rb3 Kf7 36. Kg2 Kf6 37. Kf3 h5 38. Ke3 g6 39. Kd4 Rc2 40. Rf3+ Ke6 41. Re3+ Kd6 42. f3 Rb2 43. Kc4 Rc2+ 44.
Kb4 Rb2+ 45. Rb3 Rg2 46. Rd3+ Ke6 47. Rc3 Rxg3 48. Rc6+ Kf5 49. Rxb6 Rxf3 50. Rb8 Rf4+ 51. Ka5 Rxh4 52. Rf8+ Kg5 53. b6 Rh1 54. b7 Ra1+ 55.
Kb5 Rb1+ 56. Kc6 h4 57. b8=Q Rxb8 58. Rxb8 Kg4 59. Kd5 h3 60. Ke4 h2 61. Rb1 Kg3 62. Ke3 Kg2 63. Rb2+ Kg1 64. Rb1+ Kg2 65. Rb2+ Kg1 66.
Rb1+ Kg2 1/2-1/2

[Event "Early-Titled-Tuesday-Blitz-January-16-2024"]
[Site "Chess.com"]
[Date "2024.01.16"]
[Round "6"]
[White "j2806"]
[Black "GMJustin"]
[Result "0-1"]
[WhiteElo "2077"]
[BlackElo "2319"]
[TimeControl "180+1"]
[EndTime "9:11:48 PST"]
[Termination "GMJustin won by resignation"]

1. e4 e5 2. Nf3 Nc6 3. Bb5 a6 4. Ba4 Nf6 5. d3 b5 6. Bb3 h6 7. c3 d6 8. O-O g5 9. Re1 Bg7 10.
d4 O-O 11. Nbd2 g4 12. Nh4 exd4 13. cxd4 Nxd4 14. g3 c5 15. Nf1 Be6 16. Bxe6 fxe6 17. Ne3 h5 18. Neg2 Qe8 19. Be3 Nd7 20. Rb1 Qf7 21. Nf4 Ne5 22. Kh1 Nc4 23. Qc1 Nxe3 24.
Rxe3 Bh6 25. Nhg2 e5 26. b4 exf4 27. Nxf4 Bxf4 28. gxf4 Qxf4 29. bxc5 Qxf2 30. cxd6 Nf3 31. Rxf3 Qxf3+ 32. Kg1 Qf2+ 33. Kh1 Qf3+ 34. Kg1 Qf4 35. Qc2 Rac8 36. Qb3+ Qf7 37. Qe3 Qf3 38. Qd4 Qf6 39.
Qd5+ Qf7 40. Qe5 Qg7 41. Qd5+ Kh8 42. Qxh5+ Qh7 43. Qe5+ Qg7 44. Qh5+ Kg8 45. Qd5+ Rf7 46. d7 Rd8 47. Qc6 Rdxd7 48. Qxa6 Kh7 49. Qxb5 Qd4+ 50. Kh1 Qxe4+ 51. Kg1 Qe3+ 52. Kh1 Qf3+ 53. Kg1 Rd1+ 54. Rxd1 Qxd1+ 55. Kg2 Qf3+ 56. Kg1 Qf2+ 57. Kh1 Qf1+ 58.
Qxf1 Rxf1+ 59. Kg2 Ra1 60. Kg3 Rxa2 61. Kxg4 Rxh2 62.
Kg3 Ra2 0-1

[Event "Early-Titled-Tuesday-Blitz-January-16-2024"]
[Site "Chess.com"]
[Date "2024.01.16"]
[Round "6"]
[White "iturrizaga"]
[Black "DreamsAreFake"]
[Result "0-1"]
[WhiteElo "3022"]
[BlackElo "2763"]
[TimeControl "180+1"]
[EndTime "9:11:50 PST"]
[Termination "DreamsAreFake won by resignation"]

1. c4 Nf6 2. g3 c5 3. Nf3 Nc6 4.
Bg2 g6 5. O-O Bg7 6. d4 cxd4 7.
Nxd4 O-O 8. Nc3 d6 9. e3 Bd7 10. b3 Qc8 11. Re1 Bh3 12. Bh1 Qd7 13. Bb2 Rac8 14.
Nde2 Bg4 15. Qd2 Ne5 16. Nd4 Nc6 17. Nxc6 bxc6 18. e4 e5 19. Bg2 Rfd8 20. Rac1 h5 21. Na4 Kh7 22. Rc3 Qe6 23. Rd3 Bh6 24. Qa5 Rd7 25.
Ba3 Ne8 26. f3 Bh3 27. Red1 h4 28. Nc5 dxc5 29. Rxd7 Be3+ 30. Kh1 Bd4 31. Qxa7 Qxd7 32. Qa6 Bxg2+ 33. Kxg2 Qc7 34. Bc1 hxg3 35. hxg3 Kg7 36. Rh1 Qd8 37. Qa3 Ra8 38. Bh6+ Kg8 39. Qc1 Rxa2+ 40.
Kh3 Qd7+ 41. g4 Qe7 42. Be3 Qf6 43. Kg3 Nc7 44. Bg5 Qg7 45. Be3 Ne6 46. Bxd4 cxd4 47. Qb1 Ra8 48. b4 Qf6 49. b5 Qf4+ 50. Kg2 Ng5 51. Qb3 Qd2+ 52. Kg3 Ra2 53. Kh4 Nxf3+ 0-1

[Event "Early-Titled-Tuesday-Blitz-January-16-2024"]
[Site "Chess.com"]
[Date "2024.01.16"]
[Round "6"]
[White "Duhless"]
[Black "KuzubovYuriy"]
[Result "0-1"]
[WhiteElo "3131"]
[BlackElo "2893"]
[TimeControl "180+1"]
[EndTime "9:11:51 PST"]
[Termination "KuzubovYuriy won by resignation"]

1. d4 Nf6 2. Nf3 e6 3. Bf4 c5 4. e3 Nc6 5. Nbd2 d5 6. c3 Nh5 7.
Bg5 Qb6 8. Rb1 h6 9. Bh4 g5 10.
Bg3 Nxg3 11. hxg3 Bg7 12. Bd3 Bd7 13. a3 Rd8 14. g4 cxd4 15. exd4 e5 16. Nxe5 Bxe5 17.
dxe5 Nxe5 18. Be2 O-O 19. O-O d4 20. Nc4 Nxc4 21. Bxc4 Bc8 22. Qf3 dxc3 23. Qxc3 Bxg4 24. Qg3 Bf5 25. Rbe1 Rfe8 26. Re5 Bg6 27. Rfe1 Rxe5 28.
Qxe5 Qd4 29. Qb5 b6 30. Bf1 Qf6 31. Qb4 Kg7 32. g3 a5 33. Qe7 Rd2 34. Qxf6+ Kxf6 35. b3 Bf5 36. Bc4 Rd4 37. Re8 Rd6 38. Rb8 Be6 39. Bxe6 Kxe6 40. Kf1 Kd5 41. Ke2 Kd4 42. Kd2 g4 43. b4 axb4 44. axb4 Kc4+ 45. Ke3 Kxb4 46.
Rf8 f6 47. Rh8 f5 48. Rf8 Rd5 49. Rf6 b5 50. Rxh6 Ka3 51. Ra6+ Kb3 52. f3 gxf3 53. Kxf3 b4 54. Kf4 Kc2 55. Rc6+ Kb2 56. Rh6 b3 57. Rh5 Ka3 58. g4 b2 59. Rh3+ Ka2 60. Rh2 fxg4 61. Kxg4 Ka1 62. Rxb2 Kxb2 0-1

[Event "Early-Titled-Tuesday-Blitz-January-16-2024"]
[Site "Chess.com"]
[Date "2024.01.16"]
[Round "6"]
[White "brm72"]
[Black "Balla_Tamas"]
[Result "1-0"]
[WhiteElo "2696"]
[BlackElo "2464"]
[TimeControl "180+1"]
[EndTime "9:11:51 PST"]
[Termination "brm72 won on time"]

1. Nf3 c5 2. c4 Nc6 3. g3 g6 4.
Bg2 Bg7 5. O-O e6 6. e4 Nge7 7. Nc3 O-O 8. d3 d6 9. Bd2 Nd4 10. a3 Nec6 11. Rb1 a5 12. Nxd4 Nxd4 13. Ne2 Nxe2+ 14. Qxe2 b6 15. Bc3 e5 16. b4 axb4 17.
axb4 Be6 18. Ra1 Qd7 19. Qb2 Bh3 20. b5 Bxg2 21. Kxg2 Qb7 22. f4 f5 23. fxe5 fxe4 24. exd6 exd3+ 25. Kg1 Rxa1 26. Rxa1 Qf3 27. Bxg7 Qe3+ 28.
Kg2 Qf3+ 29. Kg1 Qe3+ 30. Kh1 Qf3+ 31. Qg2 Kxg7 32. Qxf3 Rxf3 33. d7 Rf8 34. Rd1 Rd8 35.
Rxd3 Kf6 36. Rd6+ Ke7 37. Rxb6 Rxd7 38. Rc6 Rd2 39. Rxc5 Kd6 40. Rc6+ Kd7 41. Kg1 Rc2 42. h4 h6 43. Rxg6 Rxc4 44. Rxh6 Rc2 45. b6 Rb2 46. Rf6 Ke7 47. Rf2 Rxb6 48. Kg2 Rb3 49. Kh3 Rb4 50.
Rf4 Rb1 51. Kg4 Rb5 52. h5 Rb6 53. Kh4 Re6 54. g4 Re1 55. Kg5 Re5+ 56. Rf5 Re6 57. Ra5 Kf7 58. Ra7+ Kg8 59. h6 Rc6 60. Kh5 Rc8 61.
g5 Rc5 62. Re7 Ra5 63. Re6 Kf7 64. Rf6+ Kg8 65. Kg6 Ra7 66. h7+ 1-0